Map: Moondance

Players

DieMauer (ShoWTimE)

  • Race: Zerg Zerg
  • League: Grandmaster
  • Spawn Location: 12:00

Cellsidus - Winner!

  • Race: Zerg Zerg
  • League: Master
  • Spawn Location: 6:00

VOD

Have the link to the VOD?

Description

Time

  • Played on: Aug. 14, 2022, 11:53 a.m.
  • Length: 4:54
Show
View Real Time Build Order
Export as new Build Order

DieMauer Zerg 

Build Orders: Hatch First 

Get SALT Encoding   

  12  0:00  Drone  
  13  0:12  Overlord  
  13  0:16  Drone  
  14  0:31  Drone x2  
  16  0:48  Hatchery  
  15  0:51  Drone  
  15  0:55  Drone  
  17  0:57  Drone  
  18  1:09  Extractor  
  17  1:13  Spawning Pool  
  17  1:16  Drone  
  17  1:19  Drone  
  18  1:28  Drone  
  19  1:39  Drone  
  20  1:50  Drone  
  21  1:59  Queen x2  
  21  2:00  Zergling x2  
  21  2:01  Overlord  
  26  2:08  Metabolic Boost  
  26  2:10  Drone  
  26  2:11  Drone  
  28  2:22  Drone x2  
  30  2:32  Hatchery  
  30  2:35  Zergling x2  
  30  2:40  Drone  
  31  2:45  Queen  
  33  2:53  Baneling Nest  
  33  2:58  Overlord  
  32  2:59  Drone x2  
  34  3:12  Drone x2  
  36  3:19  Zergling x2  
  37  3:22  Drone x2  
  39  3:27  Lair  
  39  3:30  Zergling x2  
  39  3:31  Overlord  
  39  3:33  Drone x2  
  41  3:35  Zergling x4  
  41  3:37  Baneling  
  43  3:45  Zergling x8  
  45  3:49  Zergling x2  
  45  3:51  Baneling x2  
  39  3:55  Zergling x2  
  39  3:59  Zergling x4  
  38  4:08  Drone x2  
  36  4:10  Drone  
  36  4:14  Drone x2  
  36  4:15  Drone  
  40  4:20  Baneling x2  
  40  4:35  Drone x4  
  43  4:47  Extractor  
Show
View Real Time Build Order
Export as new Build Order

Cellsidus Zerg - Winner!

Build Orders: Hatch First 

Get SALT Encoding   

  12  0:00  Drone  
  13  0:12  Overlord  
  13  0:16  Drone  
  14  0:31  Drone x2  
  16  0:47  Hatchery  
  15  0:50  Drone  
  15  0:54  Drone  
  15  0:57  Drone  
  18  1:08  Extractor  
  17  1:13  Spawning Pool  
  17  1:17  Drone  
  17  1:19  Drone  
  18  1:29  Drone  
  19  1:39  Drone  
  20  1:54  Overlord  
  20  2:00  Zergling x2, Queen x2  
  20  2:01  Zergling x2  
  26  2:08  Metabolic Boost  
  26  2:11  Drone  
  26  2:13  Drone  
  28  2:21  Drone  
  30  2:22  Drone  
  30  2:41  Overlord  
  30  2:43  Hatchery, Zergling x2  
  30  2:48  Zergling x2  
  30  2:49  Zergling x2  
  32  2:59  Zergling x4  
  32  3:05  Overlord  
  34  3:06  Zergling x2  
  34  3:09  Zergling x8  
  39  3:13  Zergling x4  
  41  3:24  Zergling x4  
  43  3:36  Zergling x4  
  43  3:39  Baneling Nest  
  41  3:55  Zergling x16  
  42  4:06  Zergling x4  
  43  4:15  Zergling x4  
  44  4:21  Zergling x2  
  44  4:23  Zergling x6  
  48  4:25  Baneling x3  
Tags
 
Add a new tag
Caveats
  • Supply blocks, unpowered buildings, or Contaminate may cause inaccurate times.
  • Supply counts are checked every 10 seconds.